 Dungeon Crawl Stone Soup version 0.29.1-15-g9cfb28693d (webtiles) character file.

Game seed: 1623247972972936831

338 Wiggles the Chopper (level 6, -7/51 HPs)
             Began as a Minotaur Berserker on Mar 29, 2023.
             Was a Believer of Trog.
             Mangled by a gnoll sergeant
             ... wielding a +0 trident
              (8 damage)
             ... on level 4 of the Dungeon.
             The game lasted 00:04:52 (2811 turns).

Wiggles the Chopper (Minotaur Berserker)            Turns: 2811, Time: 00:04:53

Health: -7/51      AC:  3    Str: 24    XL:     6   Next: 29%
Magic:  5/5        EV: 12    Int:  4    God:    Trog [**....]
Gold:   199        SH:  0    Dex:  9    Spells: 5/5 levels left

rFire   . . .      SeeInvis .   a - +0 hand axe
rCold   . . .      Faith    .   (no shield)
rNeg    . . .      Spirit   .   b - +0 animal skin
rPois   .          Reflect  .   (helmet restricted)
rElec   .          Harm     .   w - +0 cloak
rCorr   .          Rampage  .   (no gloves)
Will    .....                   (no boots)
Stlth   +.........              (no amulet)
HPRegen 0.17/turn               f - ring of flight
MPRegen 0.09/turn               (no ring)

@: on berserk cooldown, flying, slowed, very slow
A: horns 2, retaliatory headbutt
a: Renounce Religion, Berserk, Trog's Hand


You were on level 4 of the Dungeon.
You worshipped Trog.
Trog was pleased with you.
You visited 1 branch of the dungeon, and saw 4 of its levels.

You collected 199 gold pieces.

Inventory:

Hand Weapons
 a - a +0 hand axe (weapon)
Missiles
 p - 5 boomerangs (quivered)
 v - a throwing net
Armour
 b - a +0 animal skin (worn)
 w - a +0 cloak (worn)
Jewellery
 f - a ring of flight (left hand)
Wands
 k - a wand of acid (7)
 s - a wand of flame (9)
Scrolls
 d - 4 scrolls of identify {unknown}
 e - 2 scrolls of fear {unknown}
 g - a scroll of summoning {unknown}
 h - a scroll of immolation {unknown}
 i - 4 scrolls of teleportation {unknown}
 l - a scroll of enchant weapon {unknown}
 o - 2 scrolls of magic mapping {unknown}
 q - a scroll of brand weapon {unknown}
 r - a scroll of fog {unknown}
 t - a scroll of blinking {unknown}
 u - a scroll of noise {unknown}
Potions
 c - 2 potions of curing {unknown}
 j - 2 potions of mutation {unknown}
 m - a potion of attraction {unknown}
 n - a potion of invisibility {unknown}
 x - a potion of berserk rage {unknown}


   Skills:
 - Level 3.6 Fighting
 + Level 7.4 Axes
 + Level 2.7 Throwing
 - Level 2.4 Armour
 - Level 2.1 Dodging
 + Level 1.3 Stealth


You had 5 spell levels left.
You didn't know any spells.
Your spell library was empty.

Dungeon Overview and Level Annotations

Branches:
Dungeon (4/15)
 Temple: D:4-7

Altars:


Innate Abilities, Weirdness & Mutations

You have a pair of horns on your head.
You reflexively headbutt those who attack you in melee.


Message History

You slash the gnoll!
You kill the gnoll!
Trog accepts your kill.
You barely miss the gnoll. You slash the gnoll!
You kill the gnoll!
Trog accepts your kill. The gnoll hits you with a +0 spear!
The gnoll sergeant hits you from afar with a +0 trident!
You slash the hobgoblin!
You kill the hobgoblin!
Trog accepts your kill.
You hit the gnoll.
The gnoll sergeant completely misses you.
The gnoll barely misses you. You furiously retaliate!
You headbutt the gnoll.
Things that are here:
a +0 halberd; a hobgoblin corpse You feel a strong urge to attack something.
The gnoll hits you with a +0 spear.
The gnoll sergeant hits you with a +0 trident!
You are no longer berserk.
You are exhausted.
You feel yourself slow down. The gnoll hits you with a +0 spear.
The gnoll sergeant hits you from afar with a +0 trident.
* * * LOW HITPOINT WARNING * * *
The gnoll barely misses you.
The gnoll sergeant hits you with a +0 trident!
* * * LOW HITPOINT WARNING * * *
The gnoll sergeant blocks your attack.
You headbutt the gnoll sergeant.
The gnoll sergeant is lightly wounded.
You hit the gnoll.
You kill the gnoll!
Trog accepts your kill. The gnoll sergeant closely misses you.
You hit the gnoll sergeant but do no damage.
The gnoll sergeant blocks your attack.
The gnoll sergeant is lightly wounded.
The gnoll sergeant hits you with a +0 trident.
* * * LOW HITPOINT WARNING * * *
The gnoll sergeant hits you with a +0 trident!
You die...

############.#.....#.
##.....#..............
##...............).....
#........^.........##..
#.≈≈≈≈≈≈≈≈≈.:......###.
#.≈##≈≈≈##≈..<..†..#..)
#.≈#######≈........#...
#.≈≈#..)#≈≈.....####...
##≈≈#!@)'......## #...
#≈≈#.g)#≈≈...## #<..
#≈#######≈#### #...
#≈##≈≈≈##≈# #...
#≈≈≈≈≈≈≈≈≈# #.†.
########### ####


You could see a gnoll sergeant.

Vanquished Creatures
  Sigmund (D:3)
  Crazy Yiuf (D:3)
  6 gnolls
  3 adders (D:2)
  2 worms
  2 dart slugs (D:2)
  An orc (D:4)
  12 ball pythons
  4 endoplasms
  2 giant cockroaches
  4 goblins
  4 hobgoblins
  4 kobolds
  2 quokkas (D:1)
  7 bats
  3 frilled lizards
  4 rats
62 creatures vanquished.

Notes
Turn   | Place    | Note
-------+----------+-------------------------------------------
     0 | D:1      | Wiggles the Minotaur Berserker began the quest for the Orb.
     0 | D:1      | Reached XP level 1. HP: 19/19 MP: 0/0
   336 | D:1      | Reached skill level 4 in Axes
   583 | D:1      | Reached XP level 2. HP: 26/26 MP: 1/1
  1289 | D:2      | Reached skill level 5 in Axes
  1289 | D:2      | Reached XP level 3. HP: 30/31 MP: 2/2
  1779 | D:2      | Found a faded altar of an unknown god.
  1854 | D:2      | Reached ** piety under Trog
  1895 | D:2      | Reached XP level 4. HP: 36/39 MP: 3/3
  2196 | D:3      | Noticed Sigmund
  2212 | D:3      | Killed Sigmund
  2213 | D:3      | Reached skill level 7 in Axes
  2213 | D:3      | Reached skill level 1 in Stealth
  2213 | D:3      | Reached XP level 5. HP: 35/45 MP: 4/4
  2385 | D:3      | Reached XP level 6. HP: 51/51 MP: 5/5
  2541 | D:3      | Found a runed translucent door.
  2542 | D:3      | Noticed Crazy Yiuf
  2551 | D:3      | Killed Crazy Yiuf
  2811 | D:4      | HP: 1/51 [gnoll sergeant/+0 trident (5)]
  2811 | D:4      | Mangled by a gnoll sergeant

Illustrated notes

Levels and vault maps discovered:
D:1:      lightli_iron_boxes, layout_basic
D:2:      layout_basic, dilly_ecumenical_altar_fadedgnrine, minivault_23
D:3:      layout_basic, uniq_sigmund, uniq_crazy_yiuf_cottage
D:4:      layout_rooms, grunt_ashenzari_visionary
          [grunt_ashenzari_visionary_shoals, grunt_ashenzari_visionary_spider],
          temple_statues, lightli_ossuary_entry_decrepit_ruins, lightli_minifort

Skill      XL: |  1  2  3  4 |
---------------+-------------+-----
Axes           | 4 5 7 |  7.4
Throwing       | 2 |  2.7
Stealth        | 1 |  1.3
Fighting       | |  3.6
Armour         | |  2.4
Dodging        | |  2.1

Action                   |  1- 3 |  4- 6 || total
-------------------------+-------+-------++-------
Melee: Hand axe          |    83 |    32 ||   115
       Headbutt          |     8 |     6 ||    14
       Punch             |       |     1 ||     1
Throw: Boomerang         |    18 |    24 ||    42
Invok: Berserk           |       |     4 ||     4
Armor: Animal skin       |    17 |       ||    17
Dodge: Dodged            |    52 |    28 ||    80
